 Dungeon Crawl Stone Soup version 0.31-a0-981-geadf994542 (webtiles) character file.

Game seed: 16313271231603340091

177 miscthings the Charlatan (level 5, -5/41 HPs)
             Began as a Gnoll Artificer on Nov 2, 2023.
             Slain by an ogre
             ... wielding a +0 giant club
              (22 damage)
             ... on level 4 of the Dungeon.
             The game lasted 00:04:44 (2535 turns).

miscthings the Charlatan (Gnoll Artificer)          Turns: 2535, Time: 00:04:45

Health: -5/41      AC: 11    Str: 13    XL:     5   Next: 57%
Magic:  7/7        EV: 11    Int: 10    God:
Gold:   186        SH:  0    Dex: 13    Spells: 7/7 levels left

rFire   . . .        i - +1 spear (venom)
rCold   + . .        (no shield)
rNeg    . . .        g - +2 ring mail {rC+}
rPois   .            a - +2 helmet
rElec   .            (no cloak)
rCorr   .            (no gloves)
SInv    .            (no boots)
Will    .....        (no amulet)
Stlth   +            (no ring)
HPRegen 0.26/turn    (no ring)
MPRegen 0.10/turn

%: no passive effects
@: no status effects
A: fangs 1, strong nose, distributed training
a: no special abilities


You were on level 4 of the Dungeon.
You visited 1 branch of the dungeon, and saw 4 of its levels.
You also visited: Sewer.

You collected 186 gold pieces.

Inventory:

Hand Weapons
 h - a +2 dagger of protection
 i - a +1 spear of venom (weapon)
Armour
 a - a +2 helmet (worn)
 g - a +2 ring mail of cold resistance (worn)
 k - a +1 leather armour of poison resistance
Wands
 c - a wand of flame (8) (quivered)
 d - a wand of charming (15)
 e - a wand of iceblast (4)
 t - a wand of polymorph (9)
Scrolls
 b - a scroll of vulnerability
Potions
 f - a potion of haste {unknown}
 j - 3 potions of curing
 l - a potion of degeneration {unknown}
 m - a potion of magic
 n - a potion of ambrosia {unknown}
 q - 2 potions of attraction
 r - a potion of lignification
 s - a potion of mutation {unknown}


   Skills:
 + Level 3.0 Fighting
 + Level 1.6 Short Blades
 + Level 1.6 Long Blades
 + Level 1.6 Axes
 + Level 1.6 Maces & Flails
 + Level 1.6 Polearms
 + Level 1.6 Staves
 + Level 1.6 Ranged Weapons
 + Level 1.6 Throwing
 + Level 4.8 Armour
 + Level 3.0 Dodging
 + Level 2.8 Stealth
 + Level 1.6 Shields
 + Level 1.6 Unarmed Combat
 + Level 1.6 Spellcasting
 + Level 1.2 Conjurations
 + Level 1.2 Hexes
 + Level 1.2 Summonings
 + Level 1.2 Necromancy
 + Level 1.2 Translocations
 + Level 1.2 Transmutations
 + Level 1.2 Fire Magic
 + Level 1.2 Ice Magic
 + Level 1.2 Air Magic
 + Level 1.2 Earth Magic
 + Level 1.2 Poison Magic
 + Level 1.8 Invocations
 + Level 6.7 Evocations
 + Level 1.4 Shapeshifting


You had 7 spell levels left.
You didn't know any spells.
Your spell library was empty.

Dungeon Overview and Level Annotations

Branches:
Dungeon (4/15)              Sewer (visited)
 Temple: D:4-7

Altars:
Trog


Innate Abilities, Weirdness & Mutations

You have very sharp teeth.
Your uncanny sense of smell can sniff out nearby items.
Your experience applies equally to all skills.


Message History

The endoplasm hits you but does no damage.
You hit the endoplasm.
The endoplasm is moderately wounded.
The endoplasm hits you but does no damage.
You hit the endoplasm.
You bite the endoplasm, but do no damage.
The endoplasm is almost dead.
The endoplasm freezes you.
You are frozen.
You resist.
You hit the endoplasm.
You kill the endoplasm!
No target in view!
An ogre comes into view. It is wielding a +0 giant club.
Found a scroll of enchant armour.
An ogre is nearby!
Aiming: Polymorph
Press: ? - help, Shift-Dir - straight line, f - ogre
Aim: an ogre, wielding a +0 giant club (asleep, will become a killer bee, a golden eye, or an ice beast, chance to affect: 65%)
Okay, then.
Aiming: Throw Flame
Press: ? - help, Shift-Dir - straight line, f - ogre
Aim: an ogre, wielding a +0 giant club (asleep, 100% to hit)
The puff of flame hits the ogre!
The ogre is moderately wounded.
The ogre shouts!
You hear a shout!
You reach to attack!
You hit the ogre.
The ogre is poisoned.
The ogre is moderately wounded.
A kobold comes into view. It is wielding a +2 dagger of venom.
You barely miss the ogre.
The ogre is heavily wounded.
The ogre hits you with a +0 giant club!!
Ouch! That really hurt!
Aiming: Throw Flame
Press: ? - help, Shift-Dir - straight line, f/p - ogre
Aim: an ogre, wielding a +0 giant club (heavily wounded, very poisoned, 88% to hit)
The puff of flame hits the ogre.
The ogre is severely wounded.
The ogre hits you with a +0 giant club!!
Ouch! That really hurt!
You die...

#....##.#....#
#.......##.#####
∆
#.######.......#
#...# #.....#.#
.##.# #.....#.#
....#
#.....#.###
.####
#.....#...# .#
#.....###.# .#
#.....# #@# .#
#.....# #O# .#
#.K..# .# ###..#
.# .... ## .....
###.? #


You could see an ogre (very poisoned) and a kobold.

Vanquished Creatures
  Natasha (twice) (D:3)
  Robin (D:3)
  2 adders
  2 river rats (Sewer)
  A worm (D:3)
  2 dart slugs
  2 orcs
  3 endoplasms
  4 giant cockroaches
  15 goblins
  8 hobgoblins
  6 kobolds
  3 ball pythons
  2 bats
  11 frilled lizards (Sewer)
  13 rats
77 creatures vanquished.

Notes
Turn   | Place    | Note
-------+----------+-------------------------------------------
     0 | D:1      | miscthings the Gnoll Artificer began the quest for the Orb.
     0 | D:1      | Reached XP level 1. HP: 17/17 MP: 1/1
   170 | D:1      | Reached XP level 2. HP: 23/23 MP: 2/2
   187 | D:1      | Found a faded altar of an unknown god.
   878 | D:1      | Reached XP level 3. HP: 21/28 MP: 3/3
  1071 | D:3      | Found a glowing drain.
  1098 | D:3      | Reached skill level 1 in Invocations
  1148 | Sewer    | Entered a sewer
  1237 | Sewer    | Reached skill level 1 in Short Blades
  1237 | Sewer    | Reached skill level 1 in Long Blades
  1237 | Sewer    | Reached skill level 1 in Axes
  1237 | Sewer    | Reached skill level 1 in Maces & Flails
  1237 | Sewer    | Reached skill level 1 in Polearms
  1237 | Sewer    | Reached skill level 1 in Staves
  1237 | Sewer    | Reached skill level 1 in Ranged Weapons
  1237 | Sewer    | Reached skill level 1 in Throwing
  1237 | Sewer    | Reached skill level 1 in Shields
  1237 | Sewer    | Reached skill level 1 in Unarmed Combat
  1237 | Sewer    | Reached skill level 1 in Spellcasting
  1277 | Sewer    | Reached skill level 1 in Shapeshifting
  1277 | Sewer    | Reached XP level 4. HP: 11/34 MP: 5/5
  1578 | D:3      | Noticed Natasha
  1594 | D:3      | Killed Natasha
  1595 | D:3      | Reached skill level 1 in Conjurations
  1595 | D:3      | Reached skill level 1 in Hexes
  1595 | D:3      | Reached skill level 1 in Summonings
  1595 | D:3      | Reached skill level 1 in Necromancy
  1595 | D:3      | Reached skill level 1 in Translocations
  1595 | D:3      | Reached skill level 1 in Transmutations
  1595 | D:3      | Reached skill level 1 in Fire Magic
  1595 | D:3      | Reached skill level 1 in Ice Magic
  1595 | D:3      | Reached skill level 1 in Air Magic
  1595 | D:3      | Reached skill level 1 in Earth Magic
  1595 | D:3      | Reached skill level 1 in Poison Magic
  1851 | D:3      | Noticed Natasha
  1858 | D:3      | Killed Natasha
  1859 | D:3      | Reached XP level 5. HP: 9/40 MP: 5/7
  1930 | D:3      | Noticed Robin
  1976 | D:3      | Killed Robin
  2374 | D:4      | Found a bloodstained altar of Trog.
  2530 | D:4      | Noticed an ogre
  2535 | D:4      | Slain by an ogre

Illustrated notes

Levels and vault maps discovered:
D:1:      dpeg_arrival_morbid_curiosity, layout_basic,
          shapermc_ecumenical_altar_starsandcircs
D:2:      layout_loops_ring, serial_forest, infiniplex_forest_straight_2,
          infiniplex_forest_lined_2, infiniplex_forest_lined_2,
          infiniplex_forest_straight_3, infiniplex_forest_end_1,
          infiniplex_forest_straight_4, basic_altar, minmay_goblin_outpost
D:3:      layout_loops_corners, cheibrodos_sewer_entry_drain, uniq_terence,
          uniq_robin, uniq_jessica, uniq_natasha
D:4:      layout_basic, old_standard_altar, minivault_19

Skill      XL: |  1  2  3  4  5 |
---------------+----------------+-----
Invocations    | 1 |  1.8
Short Blades   | 1 |  1.6
Long Blades    | 1 |  1.6
Axes           | 1 |  1.6
Maces & Flails | 1 |  1.6
Polearms       | 1 |  1.6
Staves         | 1 |  1.6
Ranged Weapons | 1 |  1.6
Throwing       | 1 |  1.6
Shields        | 1 |  1.6
Unarmed Combat | 1 |  1.6
Spellcasting   | 1 |  1.6
Shapeshifting  | 1 |  1.4
Conjurations   | 1 |  1.2
Hexes          | 1 |  1.2
Summonings     | 1 |  1.2
Necromancy     | 1 |  1.2
Translocations | 1 |  1.2
Transmutations | 1 |  1.2
Fire Magic     | 1 |  1.2
Ice Magic      | 1 |  1.2
Air Magic      | 1 |  1.2
Earth Magic    | 1 |  1.2
Poison Magic   | 1 |  1.2
Fighting       | 3 |  3.0
Dodging        | 3 |  3.0
Armour         | |  4.8
Stealth        | |  2.8
Evocations     | |  6.7

Action                     |  1- 3 |  4- 6 || total
---------------------------+-------+-------++-------
  Melee: Mace              |   137 |    55 ||   192
         Club              |     7 |       ||     7
         Bite              |    13 |    19 ||    32
         Punch             |     3 |     1 ||     4
         Dagger            |       |    88 ||    88
         Spear             |       |    10 ||    10
  Evoke: Wand              |     2 |     6 ||     8
    Use: Scroll            |       |     9 ||     9
   Stab: Sleeping          |     3 |     3 ||     6
 Armour: Leather armour    |     8 |       ||     8
         Ring mail         |    93 |    98 ||   191
  Dodge: Dodged            |   108 |    72 ||   180

Table legend: (Time is in decaauts)
 A = Elapsed time spent in this place.
 B = Non-inter-level travel time spent in this place.
 C = Inter-level travel time spent in this place.
 D = Time resting spent in this place.
 E = Time spent auto-exploring this place.
 F = Levels seen in this place.
 G = Mean time per level.
                   A        B        C        D        E       F      G
               +--------+--------+--------+--------+--------+-----+--------+
         Total |   2653 |   2594 |     59 |    189 |   1537 |   5 |  530.6 |
       Dungeon |   2214 |   2155 |     59 |    189 |   1337 |   4 |  553.5 |
         Sewer |    438 |    438 |      0 |      0 |    200 |   1 |  438.0 |
               +--------+--------+--------+--------+--------+-----+--------+

Top non-repeatable levels by time:
     D:1: 962 daAuts
     D:3: 764 daAuts
     D:4: 467 daAuts
   Sewer: 438 daAuts
     D:2: 20 daAuts
